AoeStats
← El Don Natas

Arabia

509796221Analyzed
2v2 RM · 5d ago on Sep 28, 2026· 140m 8s· 4 players
Game mode
Random Map
Map size
Medium (4 player)
Population
200
Speed
Normal
Resources
Standard
Victory
Conquest
Starting age
Dark Age
Ending age
Imperial Age
RankedLock teamsTeams togetherTeam positionsShared explorationLock speedFull tech treeHidden civsTurbo modeCheats
Victory
Defeat
🇨🇴 Huns · Colombia
1103
+14
🇨🇦 Shu · Canada
1029
+17
🇨🇱 Lithuanians · Chile
1059
-16
🇨🇱 Portuguese · Chile
1054
-15
SirGeorgeWL
9:55 Feudal Age
8:12 Loom
10:28 Double-Bit Axe
20:38 Horse Collar
24:33 Castle Age
23:09 Wheelbarrow
23:47 Gold Mining
23:51 Fletching
24:01 Padded Archer Armor
24:12 Forging
24:53 Stone Mining
25:10 Bodkin Arrow
26:02 Crossbowman
29:16 Bow Saw
33:22 Thumb Ring
34:08 Leather Archer Armor
34:44 Hand Cart
36:07 Heavy Plow
41:15 Imperial Age
41:35 Ballistics
41:12 Murder Holes
42:20 Conscription
43:08 Chemistry
44:51 Bracer
45:21 Ring Archer Armor
45:26 Iron Casting
48:26 Arbalester
48:59 Light Cavalry
49:51 Bloodlines
49:41 Husbandry
51:41 Elite Organ Gun
52:25 Arquebus
55:12 Caravan
59:26 Cavalier
60:42 Capped Ram
63:29 Elite Skirmisher
66:10 Scale Barding Armor
El Don Natas
6:33 Loom
9:13 Feudal Age
9:45 Double-Bit Axe
11:34 Town Watch
18:41 Wheelbarrow
21:43 Castle Age
20:35 Forging
20:16 Horse Collar
21:15 Bloodlines
22:42 Bow Saw
22:10 Light Cavalry
22:52 Husbandry
22:31 Pikeman
25:35 Iron Casting
26:24 Scale Barding Armor
31:56 Heavy Plow
34:13 Elite Skirmisher
34:44 Fletching
34:55 Padded Archer Armor
35:25 Chain Barding Armor
35:32 Gold Mining
35:52 Crossbowman
37:58 Bodkin Arrow
38:18 Leather Archer Armor
38:25 Hand Cart
42:07 Imperial Age
40:06 Town Patrol
42:12 Cavalier
42:58 Bracer
43:37 Ring Archer Armor
44:41 Plate Barding Armor
44:09 Tower Shields
44:30 Conscription
45:15 Stone Mining
46:16 Ballistics
46:57 Chemistry
47:21 Halberdier
48:15 Scale Mail Armor
48:43 Paladin
51:03 Chain Mail Armor
51:13 Squires
51:02 Arson
56:00 Bombard Tower
58:58 Crop Rotation
59:31 Two-Man Saw
59:09 Stone Shaft Mining
59:55 Winged Hussar
64:38 Caravan
69:13 Redemption
110:14 Thumb Ring
bohsainn
11:16 Feudal Age
11:17 Loom
19:27 Castle Age
18:37 Fletching
19:34 Padded Archer Armor
21:37 Wheelbarrow
22:29 Bodkin Arrow
23:21 Crossbowman
24:20 Horse Collar
28:52 Double-Bit Axe
30:39 Hand Cart
31:03 Thumb Ring
33:17 Leather Archer Armor
34:55 Town Watch
36:30 Bow Saw
38:21 Ballistics
40:57 Imperial Age
38:02 Elite Skirmisher
39:02 Heavy Plow
39:10 Town Patrol
40:11 Murder Holes
40:54 Husbandry
41:14 Forging
42:08 Siege Engineers
41:32 Onager
45:30 Chemistry
45:17 Arbalester
47:29 Scale Barding Armor
47:25 Bracer
47:09 Light Cavalry
48:37 Chain Barding Armor
49:48 Masonry
50:19 Ring Archer Armor
51:21 Conscription
51:12 Bolt Magazine
54:23 Pikeman
58:34 Plate Barding Armor
57:40 Heavy Hei Guang Cavalry
59:50 Scale Mail Armor
60:15 Squires
59:35 Halberdier
60:42 Coiled Serpent Array
63:44 Gambesons
68:43 Arson
82:32 Two-Man Saw
87:21 Chain Mail Armor
87:11 Caravan
91:46 Plate Mail Armor
109:59 Architecture
CAZASS
7:11 Loom
9:38 Feudal Age
20:46 Castle Age
22:05 Husbandry
25:36 Bloodlines
27:23 Wheelbarrow
28:10 Double-Bit Axe
28:07 Horse Collar
31:25 Hand Cart
30:58 Town Watch
32:02 Ballistics
32:23 Fletching
33:17 Bodkin Arrow
36:50 Imperial Age
36:14 Thumb Ring
36:43 Bow Saw
36:42 Heavy Plow
36:58 Gold Mining
37:42 Bracer
39:16 Chemistry
39:36 Parthian Tactics
41:03 Two-Man Saw
41:30 Murder Holes
41:27 Heavy Cavalry Archer
42:49 Padded Archer Armor
43:31 Conscription
43:50 Light Cavalry
44:40 Scale Barding Armor
44:45 Forging
44:51 Leather Archer Armor
44:45 Scale Barding Armor
44:51 Forging
45:32 Town Patrol
46:54 Chain Barding Armor
47:02 Hussar
48:41 Gold Shaft Mining
47:57 Stone Mining
50:11 Plate Barding Armor
50:12 Iron Casting
49:47 Scale Mail Armor
55:09 Blast Furnace
58:18 Scale Mail Armor
58:37 Squires
57:58 Pikeman
59:41 Halberdier
61:10 Chain Mail Armor
75:28 Elite Skirmisher
111:24 Caravan
137:15 Man-at-Arms
137:35 Cavalier
139:01 Paladin
Connection lost

Rejoining the realm…

Still unreachable

The connection could not be restored.

Session expired

The server has moved on; the page needs a fresh start.